[Event "Team 45 45 League T78"]
[Site "Internet Chess Club"]
[Date "2018.09.26"]
[Round "2"]
[White "Goli"]
[Black "chessabc"]
[Result "0-1"]
[WhiteElo "1694"]
[BlackElo "1785"]
[Opening "Alekhine's defense: modern variation"]
[ECO "B04"]
[Time "17:00:51"]
[TimeControl "2700+45"]

1. e4 Nf6 2. e5 Nd5 3. d4 d6 4. Nf3 Bf5 5. Bd3 Qd7 6. a3 Nc6 7. exd6 exd6 8. c4
Qe7+ 9. Be2 Nb6 10. O-O O-O-O 11. Re1 Qd7 12. b4 Be7 13. Be3 Bf6 14. Nc3 d5 15.
Nxd5 Nxd5 16. cxd5 Qxd5 17. Rc1 Be6 18. b5 Nxd4 19. Nxd4 Bxd4 20. Bf4 Bb6 21.
Qc2 Qb3 22. Qe4 Qd5 23. Qc2 Qf5 24. Qxf5 Bxf5 25. Bc4 Rhf8 26. Be5 f6 27. Bc3
Bc5 28. a4 Rfe8 29. a5 Re7 30. Rxe7 Bxe7 31. Re1 Bc5 32. h3 Bd7 33. Kf1 c6 34.
bxc6 Bxc6 35. Be6+ Kc7 36. Bf5 Bb5+ 37. Kg1 Bd3 38. Bg4 b6 39. axb6+ axb6 40.
Rd1 Rd6 41. Bf3 Bc4 42. Rxd6 Kxd6 43. g4 b5 44. g5 b4 45. Bb2 Ke6 46. h4 fxg5
47. Bxg7 gxh4 48. Be4 Kf7 49. Bb2 h5 50. Bf3 Kg6 51. Be4+ Kh6 52. Bc1+ Kg7 53.
Bf3 Bf7 54. Bb2+ Kf8 55. Kg2 Ke7 56. Be4 Ke6 57. f3 Bd6 58. Bb7 Bg6 59. Kh3 Be5
60. Bc1 b3 61. Kxh4 Bf6+ 62. Kg3 b2 63. Bxb2 Bxb2 64. Be4 Be8 65. Kh3 Bc3 66.
Kg2 Ke5 67. Kh3 Kf4 68. Kg2 Bf6 69. Kh3 Bd7+ 70. Kg2 Bh4 71. Kh2 Bg3+ 72. Kg2 h4
73. Bb7 Bf5 74. Be4 h3+ 75. Kh1 Be6 76. Bd5 Bxd5 {White resigns} 0-1

[Event "Team 45 45 League T78"]
[Site "Internet Chess Club"]
[Date "2018.09.30"]
[Round "2"]
[White "Timotheous"]
[Black "Demachaeron"]
[Result "1-0"]
[WhiteElo "1733"]
[BlackElo "1730"]
[Opening "English opening: Agincourt variation"]
[ECO "A13"]
[Time "14:01:00"]
[TimeControl "2700+45"]

1. Nf3 d5 2. c4 e6 3. b3 Nf6 4. Bb2 Be7 5. g3 c6 6. Bg2 O-O 7. O-O Nbd7 8. d3
Re8 9. Nbd2 Bd6 10. e4 dxe4 11. Nxe4 Nxe4 12. dxe4 Qc7 13. Qd2 e5 14. b4 c5 15.
b5 Nb6 16. Qd3 Be6 17. Nd2 Be7 18. a4 Rad8 19. Qc2 Qd6 20. Rfd1 Qd3 21. Qxd3
Rxd3 22. Bf1 Rdd8 23. Bxe5 Bg4 24. f3 Bg5 25. Bf4 Bxf4 26. gxf4 Bh5 27. a5 Na8
28. Be2 Nc7 29. f5 g6 30. fxg6 Bxg6 31. Kf2 Ne6 32. Nb3 b6 33. axb6 axb6 34.
Rxd8 Rxd8 35. Rd1 Ra8 36. Rd6 Ra3 37. Bd1 Ra2+ 38. Kg3 Rb2 39. Rxb6 Rb1 40. Rd6
Nd4 41. Nxd4 Rxd1 42. Rd8+ Kg7 43. Ne6+ {Black resigns} 1-0

[Event "Team 45 45 League T78"]
[Site "Internet Chess Club"]
[Date "2018.09.27"]
[Round "2"]
[White "tightfist"]
[Black "idjit"]
[Result "1-0"]
[WhiteElo "1513"]
[BlackElo "1515"]
[Opening "French defense"]
[ECO "C01"]
[Time "20:39:30"]
[TimeControl "2700+45"]

1. d4 e6 2. e4 Nf6 3. Bg5 Bb4+ 4. c3 Be7 5. Bd3 Nxe4 6. Bxe7 Nxf2 7. Kxf2 Qxe7
8. Nf3 Nc6 9. Nbd2 d6 10. Re1 O-O 11. d5 {Black resigns} 1-0

[Event "Team 45 45 League T78"]
[Site "Internet Chess Club"]
[Date "2018.09.29"]
[Round "2"]
[White "Kingfisher75"]
[Black "SuperPuzzler"]
[Result "1-0"]
[WhiteElo "1566"]
[BlackElo "1335"]
[Opening "Giuoco Pianissimo"]
[ECO "C50"]
[Time "19:16:27"]
[TimeControl "2700+45"]

1. e4 e5 2. Bc4 Nc6 3. Nf3 Bc5 4. d3 h6 5. O-O Nf6 6. c3 a6 7. a4 d6 8. Na3 O-O
9. b4 Bb6 10. a5 Ba7 11. Nc2 d5 12. exd5 Nxd5 13. Bd2 Be6 14. Re1 Bg4 15. h3
Bxf3 16. Qxf3 Nf6 17. Rad1 Re8 18. Be3 Bxe3 19. Nxe3 Qe7 20. Nf5 Qd7 21. Nxh6+
gxh6 22. Qxf6 Qd6 23. Bxf7+ Kh7 24. Bg6+ Kg8 25. Qf7+ Kh8 26. Qh7# {Black
checkmated} 1-0

[Event "Team 45 45 League T78"]
[Site "Internet Chess Club"]
[Date "2018.09.30"]
[Round "2"]
[White "MarcB"]
[Black "cityprosecutor"]
[Result "1/2-1/2"]
[WhiteElo "1627"]
[BlackElo "1683"]
[Opening "Réti opening"]
[ECO "A04"]
[Time "22:00:57"]
[TimeControl "2700+45"]

1. Nf3 d6 2. g3 Nf6 3. Bg2 c5 4. d3 g6 5. c3 Bg7 6. O-O O-O 7. Re1 Nc6 8. Nbd2
Rb8 9. e4 b5 10. Nf1 b4 11. Bd2 Nd7 12. Qc1 Ba6 13. Qc2 Nde5 14. c4 Nxf3+ 15.
Bxf3 Nd4 16. Qd1 Nxf3+ 17. Qxf3 Bxb2 18. Rab1 Bg7 19. Bc1 Bb7 20. Bb2 a5 21.
Bxg7 Kxg7 22. Qe3 e5 23. Nd2 a4 24. f4 exf4 25. Qxf4 Qf6 26. Qe3 Qe7 27. Re2 f5
28. Rbe1 fxe4 29. dxe4 Rf6 30. e5 dxe5 31. Qxe5 Qxe5 32. Rxe5 Rc8 33. Ne4 Bxe4
34. R1xe4 Rf7 35. Kg2 Rd7 36. Re7+ Rxe7 37. Rxe7+ Kf6 38. Rd7 Rb8 39. Kf3 b3 40.
axb3 Rxb3+ 41. Ke4 Rc3 42. Rxh7 Rxc4+ 43. Kd5 Rc3 44. Ra7 a3 45. Ra4 Kg5 46. Ke5
Kh6 47. Rh4+ Kg7 48. Ra4 Rd3 49. Ra7+ Kh6 50. Ke4 c4 51. Ra4 Rb3 52. Kd4 c3 53.
Kd3 Kh5 54. Ra5+ Kg4 55. Ra6 g5 56. h4 gxh4 57. gxh4 Kxh4 58. Kc2 {Game drawn by
mutual agreement} 1/2-1/2

[Event "Team 45 45 League T78"]
[Site "Internet Chess Club"]
[Date "2018.10.02"]
[Round "2"]
[White "elessar"]
[Black "Insan996"]
[Result "0-1"]
[WhiteElo "1615"]
[BlackElo "1661"]
[Opening "Queen's pawn: London system"]
[ECO "A45"]
[Time "19:12:34"]
[TimeControl "2700+45"]

1. d4 Nf6 2. Bf4 e6 3. Nf3 Bd6 4. Bg3 Bxg3 5. hxg3 b6 6. e3 Bb7 7. c3 c5 8. Nbd2
d6 9. Bd3 Nbd7 10. Qc2 h6 11. Ne4 Qc7 12. Ned2 e5 13. dxe5 dxe5 14. Ne4 O-O-O
15. O-O-O c4 16. Nd6+ Qxd6 17. Bxc4 Qe7 18. Qa4 Kb8 19. b4 Ne4 20. Qc2 Rc8 21.
Rxd7 Qxd7 22. Nxe5 Qe8 23. Nxf7 Rxc4 {White resigns} 0-1

[Event "Team 45 45 League T78"]
[Site "Internet Chess Club"]
[Date "2018.09.27"]
[Round "2"]
[White "Skeptic1972"]
[Black "Hal2001"]
[Result "0-1"]
[WhiteElo "1467"]
[BlackElo "1595"]
[Opening "Robatsch defense"]
[ECO "B06"]
[Time "13:08:35"]
[TimeControl "2700+45"]

1. e4 g6 2. d4 Bg7 3. Nc3 c5 4. Be3 cxd4 5. Bxd4 Nf6 6. f3 Nc6 7. Be3 O-O 8. Qd2
Qa5 9. O-O-O d6 10. Bh6 Bxh6 11. Qxh6 Nb4 12. a3 Nc6 13. g4 Bxg4 14. fxg4 Nxg4
15. Qd2 Nce5 16. Bh3 Nc4 17. Qd4 Nge3 18. Rd3 e5 {White resigns} 0-1

[Event "Team 45 45 League T78"]
[Site "Internet Chess Club"]
[Date "2018.10.01"]
[Round "2"]
[White "Gilguli"]
[Black "nidusin2"]
[Result "1-0"]
[WhiteElo "1339"]
[BlackElo "1489"]
[Opening "Philidor: Improved Hanham variation"]
[ECO "B07"]
[Time "09:03:47"]
[TimeControl "2700+45"]

1. e4 d6 2. d4 Nf6 3. Nc3 Nbd7 4. Nf3 e5 5. dxe5 dxe5 6. Bc4 Be7 7. Bxf7+ Kxf7
8. Ng5+ Kg6 9. Ne6 Qg8 10. Nxc7 Rb8 11. h4 h6 12. N7d5 Qf7 13. Qf3 Nc5 14. Qg3+
Kh7 15. Qxe5 Be6 16. Nxe7 Qxe7 17. Nd5 Nxd5 18. exd5 Nd7 19. Qe4+ g6 20. dxe6
Nf6 21. Qe3 Kg7 22. Bd2 Rbd8 23. O-O-O b6 24. Qe5 Rd5 25. Qe3 Qd6 26. Bc3 Rd8
27. Rxd5 Qxd5 28. Qf4 Qxe6 29. Qxf6+ Qxf6 30. Bxf6+ Kxf6 31. Rd1 Re8 32. c3 Re2
33. Rd2 {Black resigns} 1-0

[Event "Team 45 45 League T78"]
[Site "Internet Chess Club"]
[Date "2018.09.30"]
[Round "2"]
[White "laurenpar"]
[Black "Monterrey"]
[Result "0-1"]
[WhiteElo "1843"]
[BlackElo "1957"]
[Opening "King's Indian: Semi-Averbakh system"]
[ECO "E73"]
[Time "21:01:52"]
[TimeControl "2700+45"]

1. d4 Nf6 2. c4 g6 3. Nc3 Bg7 4. e4 d6 5. Be2 O-O 6. Be3 e5 7. d5 a5 8. Qd2 Na6
9. f3 Nc5 10. g4 h5 11. Nh3 hxg4 12. Nf2 gxf3 13. Bxf3 c6 14. O-O-O cxd5 15.
Nxd5 Nxd5 16. Qxd5 Be6 17. Qxd6 Qxd6 18. Rxd6 Rfc8 19. Be2 b5 20. Kb1 bxc4 21.
Rc1 Na4 22. Bd1 Nc5 23. Be2 Bf8 24. Rd2 Rab8 25. Bxc4 Nxe4 26. Nxe4 Bxc4 27. Rg1
Be6 28. h4 Bf5 {White resigns} 0-1

[Event "Team 45 45 League T78"]
[Site "Internet Chess Club"]
[Date "2018.09.27"]
[Round "2"]
[White "leandromorg"]
[Black "Chessfish"]
[Result "1/2-1/2"]
[WhiteElo "1763"]
[BlackElo "1796"]
[Opening "Neo-Grünfeld, 5.cd"]
[ECO "D71"]
[Time "21:40:27"]
[TimeControl "2700+45"]

1. d4 Nf6 2. c4 g6 3. g3 Bg7 4. Bg2 d5 5. cxd5 Nxd5 6. Nc3 Nxc3 7. bxc3 c5 8.
Nf3 Nc6 9. O-O cxd4 10. cxd4 Nxd4 11. Nxd4 Qxd4 12. Rb1 Qxd1 13. Rxd1 O-O 14.
Ba3 Bf6 15. Bxb7 Rb8 16. Bxc8 Rxb1 17. Rxb1 Rxc8 18. Rc1 Rxc1+ 19. Bxc1 Kf8 20.
Be3 a6 21. Kg2 Ke8 22. Kf3 Kd7 23. Ke4 Kc6 24. a4 Bc3 25. Kd3 Be5 26. Kc4 h5 27.
Bg5 f6 28. Bd2 h4 29. e4 hxg3 30. fxg3 e6 31. Bf4 Bxf4 32. gxf4 e5 33. fxe5 fxe5
34. h4 a5 35. Kd3 Kc5 36. Kc3 Kd6 37. Kd3 Kc5 38. Kc3 Kd6 39. Kd3 {Game drawn by
mutual agreement} 1/2-1/2

[Event "Team 45 45 League T78"]
[Site "Internet Chess Club"]
[Date "2018.09.28"]
[Round "2"]
[White "bradleyguo175"]
[Black "Ajolote"]
[Result "1-0"]
[WhiteElo "1806"]
[BlackElo "1813"]
[Opening "Queen's Indian: Nimzovich variation (exaggerated fianchetto)"]
[ECO "E15"]
[Time "20:10:52"]
[TimeControl "2700+45"]

1. d4 Nf6 2. c4 e6 3. Nf3 b6 4. g3 Ba6 5. b3 d5 6. Bg2 c6 7. O-O Bd6 8. Nbd2 O-O
9. Qc2 Nbd7 10. e4 e5 11. dxe5 Nxe5 12. Bb2 Nxf3+ 13. Bxf3 dxe4 14. Nxe4 Ne8 15.
Rad1 f6 16. Nxd6 {Black resigns} 1-0

[Event "Team 45 45 League T78"]
[Site "Internet Chess Club"]
[Date "2018.09.29"]
[Round "2"]
[White "nealbruce"]
[Black "Fianchettoed"]
[Result "1-0"]
[WhiteElo "1701"]
[BlackElo "1750"]
[Opening "Caro-Kann: exchange, Rubinstein variation"]
[ECO "B13"]
[Time "08:11:24"]
[TimeControl "2700+45"]

1. e4 c6 2. d4 d5 3. exd5 cxd5 4. Bd3 Nc6 5. c3 Nf6 6. Bf4 Bg4 7. Qb3 Qd7 8. Nd2
e6 9. Ngf3 Be7 10. O-O O-O 11. Rfe1 a6 12. Ne5 Nxe5 13. Bxe5 b5 14. Qc2 g6 15.
h3 Bf5 16. Bxf5 gxf5 17. Nf1 Ne4 18. Re3 f6 19. Bf4 Kf7 20. Qe2 Bd6 21. Qh5+ Kg8
22. Bxd6 Qxd6 23. Rae1 Rae8 24. Qe2 Rf7 25. Ng3 Rg7 26. Nxe4 fxe4 27. f3 f5 28.
fxe4 dxe4 29. Qh5 Rf8 30. Kh1 Qf4 31. Qe2 Kh8 32. Rf1 Qh4 33. Rxe4 fxe4 34.
Rxf8+ Rg8 35. Rxg8+ Kxg8 36. Qg4+ Qxg4 37. hxg4 Kf7 38. Kg1 Ke7 39. Kf2 Kd6 40.
Ke3 Kd5 41. b3 e5 42. dxe5 Kxe5 43. c4 bxc4 44. bxc4 Kd6 45. Kxe4 Kc5 46. Kd3 h6
47. Kc3 a5 48. a4 Kc6 49. Kd4 Kd6 50. c5+ Kc7 51. Kd5 Kd7 52. c6+ Kc8 53. Kd6
Kd8 54. c7+ Kc8 55. Kc6 h5 56. g5 h4 57. g6 h3 58. g7 h2 59. g8=Q# {Black
checkmated} 1-0

[Event "Team 45 45 League T78"]
[Site "Internet Chess Club"]
[Date "2018.09.30"]
[Round "2"]
[White "Sloggi"]
[Black "backrankbrawler"]
[Result "1-0"]
[WhiteElo "1967"]
[BlackElo "1712"]
[Opening "Trompowsky attack (Ruth, Opocenský opening)"]
[ECO "A45"]
[Time "22:10:21"]
[TimeControl "2700+45"]

1. d4 Nf6 2. Bg5 e6 3. e3 h6 4. Bh4 d5 5. c4 c6 6. Nc3 Nbd7 7. Nf3 Be7 8. Be2
O-O 9. O-O dxc4 10. Bxc4 e5 11. dxe5 Ng4 12. Bg3 Qa5 13. e6 fxe6 14. Bxe6+ Kh8
15. Bxg4 {Black resigns} 1-0

[Event "Team 45 45 League T78"]
[Site "Internet Chess Club"]
[Date "2018.09.29"]
[Round "2"]
[White "WillC"]
[Black "ivanson"]
[Result "1/2-1/2"]
[WhiteElo "1681"]
[BlackElo "1723"]
[Opening "King's Indian: East Indian defense"]
[ECO "A48"]
[Time "16:02:10"]
[TimeControl "2700+45"]

1. d4 Nf6 2. Nf3 g6 3. b3 Bg7 4. Bb2 O-O 5. Nbd2 c5 6. e3 cxd4 7. exd4 d5 8. Be2
Nc6 9. O-O b6 10. Re1 Bb7 11. Rc1 Rc8 12. a3 Nh5 13. g3 Nf6 14. Ne5 Ne4 15. f3
Nd6 16. Bf1 Nf5 17. Nxc6 Bxc6 18. c3 Bh6 19. f4 Bg7 20. Bd3 Bd7 21. Nf3 Nd6 22.
Qe2 Re8 23. Ne5 Bf5 24. Bxf5 Nxf5 25. Qb5 Rc7 26. a4 e6 27. Ba3 Qc8 28. a5 bxa5
29. Qxa5 Bf8 30. Bb2 Nd6 31. Ng4 Bg7 32. Ne5 Qb7 33. Ba3 Bxe5 34. fxe5 Ne4 35.
Bb4 Rec8 36. Re3 Nd2 37. Qa2 Ne4 38. Qa4 Rc6 39. Qa2 Ra6 40. Qc2 Rb6 41. Qb1 f5
42. exf6 Nxf6 43. Rf1 Ne4 44. Ref3 Rxb4 45. cxb4 Nd2 46. Qe1 Nxf3+ 47. Rxf3 Qe7
48. Re3 Re8 49. Re5 Qg7 50. Qe3 Kf7 51. Qf2+ Qf6 52. Qe2 Re7 53. Kg2 Kg7 54. g4
g5 55. Qe3 h6 {Game drawn by mutual agreement} 1/2-1/2

[Event "Team 45 45 League T78"]
[Site "Internet Chess Club"]
[Date "2018.09.30"]
[Round "2"]
[White "learnedberry1"]
[Black "kllrchris"]
[Result "0-1"]
[WhiteElo "1502"]
[BlackElo "1652"]
[Opening "Sicilian: dragon, Yugoslav attack, Rauser variation"]
[ECO "B76"]
[Time "23:09:07"]
[TimeControl "2700+45"]

1. e4 c5 2. Nf3 d6 3. d4 cxd4 4. Nxd4 Nf6 5. Nc3 g6 6. Be3 Bg7 7. f3 O-O 8. Qd2
Nc6 9. O-O-O d5 10. Nxc6 bxc6 11. exd5 Nxd5 12. Nxd5 cxd5 13. Qxd5 Qc7 14. Bd3
Be6 15. Qe4 Bxa2 16. h4 Be6 17. g4 Rfd8 18. h5 Rab8 19. hxg6 Bxb2+ 20. Kd2 hxg6
21. Rh6 Rxd3+ 22. cxd3 Bg7 23. Rhh1 Rb2+ 24. Ke1 Qg3+ 25. Kf1 Qg2+ {White
resigns} 0-1

[Event "Team 45 45 League T78"]
[Site "Internet Chess Club"]
[Date "2018.09.30"]
[Round "2"]
[White "zethhon"]
[Black "kutch"]
[Result "0-1"]
[WhiteElo "1379"]
[BlackElo "1543"]
[Opening "Queen's Indian: 4.Nc3"]
[ECO "E12"]
[Time "20:31:16"]
[TimeControl "2700+45"]

1. d4 Nf6 2. Nf3 e6 3. c4 b6 4. Nc3 Bb4 5. Qb3 Bxc3+ 6. Qxc3 Ne4 7. Qc2 Bb7 8.
Bf4 f5 9. e3 O-O 10. Bd3 d6 11. O-O Nd7 12. Rfd1 Ndf6 13. Ng5 Nxg5 14. Bxg5 h6
15. Bh4 Qe8 16. c5 Qc6 17. f3 Nd5 18. Qc4 dxc5 19. Qc3 Nxc3 {White resigns} 0-1

[Event "Team 45 45 League T78"]
[Site "Internet Chess Club"]
[Date "2018.09.30"]
[Round "2"]
[White "Electryon"]
[Black "Kingfisher75"]
[Result "1-0"]
[WhiteElo "1506"]
[BlackElo "1546"]
[Opening "Queen's pawn, Mason variation"]
[ECO "D00"]
[Time "20:01:37"]
[TimeControl "2700+45"]

1. d4 d5 2. Bf4 Nf6 3. e3 c5 4. Nf3 Qb6 5. Nc3 Nc6 6. Nb5 Qa5+ 7. c3 Kd7 8. dxc5
a6 9. Nc7 Ra7 10. Nxd5 Qxc5 11. Nxf6+ {Black resigns} 1-0

[Event "Team 45 45 League T78"]
[Site "Internet Chess Club"]
[Date "2018.09.29"]
[Round "2"]
[White "sdcohle"]
[Black "Just-Jim"]
[Result "1-0"]
[WhiteElo "1375"]
[BlackElo "1180"]
[Opening "Queen's pawn, Mason variation"]
[ECO "D00"]
[Time "14:01:05"]
[TimeControl "2700+45"]

1. d4 d5 2. Bf4 Nc6 3. Nf3 h6 4. e3 e6 5. Bd3 Nf6 6. c3 Be7 7. h3 O-O 8. Nbd2 a6
9. O-O Bd7 10. e4 dxe4 11. Nxe4 Nxe4 12. Bxe4 f5 13. Bc2 Na7 14. Re1 c5 15. d5
exd5 16. Qxd5+ Kh7 17. Ne5 Bf6 18. Qxd7 Bxe5 19. Qxd8 Raxd8 20. Bxe5 Rd2 21.
Rac1 Nc6 22. Bf4 Rd7 23. Rcd1 Rxd1 24. Rxd1 g5 25. Bd6 Rf7 26. Bxc5 Ne5 27. Rd5
Kg6 28. Rxe5 Kf6 29. Rxf5+ Ke6 30. Rxf7 Kxf7 31. f3 Ke6 32. b4 Kd5 33. g4 Kc4
34. Bd4 b5 35. Kf2 Kd5 36. Bg7 Ke6 37. Bxh6 Kf6 38. Ke3 {Black resigns} 1-0

[Event "Team 45 45 League T78"]
[Site "Internet Chess Club"]
[Date "2018.10.01"]
[Round "2"]
[White "Constrictor"]
[Black "rubo"]
[Result "0-1"]
[WhiteElo "1538"]
[BlackElo "1637"]
[Opening "Vienna game"]
[ECO "C26"]
[Time "20:03:52"]
[TimeControl "2700+45"]

1. e4 e5 2. Nc3 Nf6 3. Bc4 Bc5 4. d3 h6 5. Na4 Bb6 6. Nxb6 axb6 7. f4 d6 8. Ne2
Nc6 9. O-O O-O 10. a3 Bg4 11. c3 Na5 12. Ba2 c5 13. Qe1 Nc6 14. h3 Bd7 15. Ng3
b5 16. Bd2 Qe7 17. Qe2 Rfb8 18. Nh5 Nxh5 19. Qxh5 Be6 20. Bxe6 Qxe6 21. f5 Qf6
22. Rf3 Kf8 23. g4 g5 24. h4 Ke8 25. hxg5 hxg5 26. Bxg5 Qg7 27. Qh6 Qxh6 28.
Bxh6 f6 29. g5 fxg5 30. Bxg5 Kf7 31. Kg2 b4 32. Rh3 Rg8 33. Rh7+ Ke8 34. Rh5
bxc3 35. bxc3 Nd8 36. Kf3 Nf7 37. Kg4 Kd7 38. Kh4 Rg7 39. Be3 Rag8 40. Re1 Rg2
41. Kh3 R8g3+ 42. Kh4 Rg4+ 43. Kh3 Rg7 44. Rh7 R7g3+ 45. Kh4 Ke8 46. a4 Rg8 47.
Kh3 Ra2 48. Rg1 Rxg1 49. Bxg1 Rxa4 50. Rg7 Kf8 51. Rg2 Ra3 52. Rc2 b5 53. Kh4
Nd8 54. Kh5 Kf7 55. Bf2 Nc6 56. Kh6 b4 57. cxb4 Nxb4 58. Rc1 Nxd3 59. Rg1 Nxf2
60. Rg7+ Kf8 61. f6 Rh3+ 62. Kg6 Rg3+ 63. Kh7 Rh3+ 64. Kg6 Nxe4 65. Rf7+ Ke8 66.
Re7+ Kd8 {White resigns} 0-1

[Event "Team 45 45 League T78"]
[Site "Internet Chess Club"]
[Date "2018.09.28"]
[Round "2"]
[White "ocelotl"]
[Black "nosir"]
[Result "1/2-1/2"]
[WhiteElo "1344"]
[BlackElo "1405"]
[Opening "Queen's Indian: 4.e3"]
[ECO "E14"]
[Time "14:01:30"]
[TimeControl "2700+45"]

1. d4 Nf6 2. c4 e6 3. Nf3 b6 4. e3 Ba6 5. Qc2 Be7 6. Bd3 c5 7. Nc3 Bb7 8. e4
cxd4 9. Nxd4 e5 10. Nf5 O-O 11. Nd5 Nc6 12. Nfxe7+ Nxe7 13. Nxf6+ gxf6 14. Bh6
Re8 15. Qe2 Kh8 16. g4 Qc7 17. Rg1 Rg8 18. g5 Qd6 19. O-O-O Qe6 20. Rg3 Ng6 21.
gxf6 Qxf6 22. Rdg1 Qe6 23. Qg4 Qe7 24. h4 Qxh4 25. Qxh4 Nxh4 26. Bg7+ Rxg7 27.
Rxg7 Ng6 28. Rxf7 Bc6 29. Rh1 Nf8 30. f4 exf4 31. Rxf4 Re8 32. Rhf1 Kg8 33. Rg1+
Ng6 34. Rfg4 Re5 35. Rg5 d6 36. Rxe5 dxe5 37. b4 Kf7 38. b5 Bd7 39. Rh1 Kg7 40.
Rg1 h5 41. Be2 Kh6 42. Rd1 Nf8 43. Rh1 Be8 44. Rd1 Nd7 45. Rh1 Nc5 46. Bf3 Bg6
47. Kd1 Bxe4 48. Rxh5+ Kg6 49. Rh3 Bf5 50. Rg3+ Kf7 51. Bd5+ Be6 52. Rf3+ Ke7
53. Re3 Kd6 54. Bxe6 Kxe6 55. Kc2 a6 56. Ra3 a5 57. Rh3 Kd6 {Game drawn by
mutual agreement} 1/2-1/2

[Event "Team 45 45 League T78"]
[Site "Internet Chess Club"]
[Date "2018.09.29"]
[Round "2"]
[White "SeniorCitizen"]
[Black "dabodhi"]
[Result "1/2-1/2"]
[WhiteElo "1190"]
[BlackElo "1240"]
[Opening "Pirc defense"]
[ECO "B07"]
[Time "14:05:06"]
[TimeControl "2700+45"]

1. e4 d6 2. d4 Nf6 3. Nc3 Nbd7 4. Be3 c6 5. Bc4 Qc7 6. Bb3 e5 7. d5 Nc5 8. Bxc5
dxc5 9. dxc6 bxc6 10. h3 Be7 11. Nge2 O-O 12. O-O Bd7 13. Ng3 Rad8 14. Qc1 g6
15. Qe3 Be6 16. Bxe6 fxe6 17. Rfd1 Rd4 18. Nge2 Rdd8 19. Na4 Rxd1+ 20. Rxd1 Rd8
21. Rxd8+ Qxd8 22. Nec3 Qd4 23. Kf1 Nh5 24. g3 Nf6 25. Ke2 Qc4+ 26. Qd3 Qd4 27.
Qe3 Qc4+ 28. Qd3 Qd4 29. Qe3 {Game drawn by repetition} 1/2-1/2

[Event "Team 45 45 League T78"]
[Site "Internet Chess Club"]
[Date "2018.09.30"]
[Round "2"]
[White "Hectormercado"]
[Black "cayo89"]
[Result "0-1"]
[WhiteElo "1501"]
[BlackElo "1664"]
[Opening "Pirc defense"]
[ECO "B07"]
[Time "20:01:12"]
[TimeControl "2700+45"]

1. e4 d6 2. d4 Nf6 3. Nc3 e5 4. dxe5 dxe5 5. Qxd8+ Kxd8 6. Nf3 Bd6 7. Bg5 Be6 8.
O-O-O Nd7 9. Nb5 Ke7 10. Nh4 g6 11. Nxd6 cxd6 12. Bb5 h6 13. Bxf6+ Nxf6 14. f3
Rac8 15. b3 d5 16. Rhe1 dxe4 17. fxe4 a6 18. Bf1 Rhd8 19. Bd3 Ng4 20. Be2 Rxd1+
21. Rxd1 Nf2 22. Re1 Ng4 23. Bxg4 Bxg4 24. h3 Be6 25. Nf3 f6 26. g4 Rc3 27. Ng1
Bd7 28. Kd2 Rg3 29. Ke2 Rg2+ 30. Kd3 Bb5+ 31. Kc3 Ke6 32. a4 Bc6 33. Kd3 Rg3+
34. Kd2 g5 35. c3 a5 36. Kc2 Rg2+ 37. Kd3 Rb2 38. Kc4 Kf7 39. Nf3 Rf2 40. Ng1
Rf4 41. Kd3 Kg6 42. Re3 h5 43. Ne2 Rf2 44. gxh5+ Kxh5 45. Ng3+ Kg6 46. Nf5 Bd7
47. Nd6 Rb2 48. Nxb7 Bxa4 49. Nxa5 Bxb3 50. Nxb3 Rxb3 51. Kc4 Rb1 52. Kc5 f5 53.
Kd5 f4 54. Rf3 Kf6 55. c4 Rd1+ 56. Kc6 Rd4 57. c5 Rxe4 58. Kc7 Rc4 59. c6 e4 60.
Rb3 e3 61. Kb7 e2 62. Rb1 f3 63. c7 f2 64. Rb6+ Kf5 65. Rc6 Rxc6 66. Kxc6 e1=Q
67. c8=Q+ Qe6+ 68. Qxe6+ Kxe6 69. Kc5 f1=Q 70. Kd4 Qxh3 71. Ke4 Qf5+ 72. Ke3
{White resigns} 0-1

[Event "Team 45 45 League T78"]
[Site "Internet Chess Club"]
[Date "2018.09.27"]
[Round "2"]
[White "dalmata"]
[Black "LuFran"]
[Result "0-1"]
[WhiteElo "1427"]
[BlackElo "1537"]
[Opening "QGD: classical variation (5.Bf4)"]
[ECO "D37"]
[Time "16:08:27"]
[TimeControl "2700+45"]

1. d4 d5 2. c4 e6 3. Nc3 Nf6 4. Nf3 Be7 5. Bf4 O-O 6. e3 b6 7. cxd5 Nxd5 8. Nxd5
Qxd5 9. Bd3 Qa5+ 10. Qd2 Bb4 11. Be4 Bxd2+ 12. Nxd2 c6 13. Bf3 Ba6 14. a3 Rc8
15. Rc1 Bb7 16. Bd6 Nd7 17. Bb4 Qg5 18. Ne4 Qg6 19. Nd6 Ba6 20. Nxc8 Rxc8 {White
resigns} 0-1

[Event "Team 45 45 League T78"]
[Site "Internet Chess Club"]
[Date "2018.09.28"]
[Round "2"]
[White "olivermx"]
[Black "Pawnchain"]
[Result "1/2-1/2"]
[WhiteElo "1190"]
[BlackElo "1382"]
[Opening "Caro-Kann: advance variation"]
[ECO "B12"]
[Time "15:11:24"]
[TimeControl "2700+45"]

1. e4 c6 2. d4 d5 3. e5 Bf5 4. Nf3 e6 5. Be3 Ne7 6. Bd3 Qb6 7. b3 Nd7 8. O-O Bg6
9. Bxg6 hxg6 10. Nc3 Nf5 11. Qd2 Bb4 12. Qd3 Qa5 13. Nb1 Nxe3 14. fxe3 Be7 15.
e4 Qb6 16. exd5 cxd5 17. Nbd2 Rh6 18. c4 f5 19. cxd5 exd5 20. Rac1 Rd8 {Game
drawn by mutual agreement} 1/2-1/2

[Event "Team 45 45 League T78"]
[Site "Internet Chess Club"]
[Date "2018.09.28"]
[Round "2"]
[White "grekor"]
[Black "howah45"]
[Result "1/2-1/2"]
[WhiteElo "1124"]
[BlackElo "1075"]
[Opening "Scandinavian: Pytel-Wade variation"]
[ECO "B01"]
[Time "11:00:30"]
[TimeControl "2700+45"]

1. e4 d5 2. exd5 Qxd5 3. Nc3 Qd6 4. Bc4 Nf6 5. d4 a6 6. Nge2 b5 7. Bb3 Bb7 8.
Bf4 Qd7 9. Rg1 e6 10. d5 Nxd5 11. Nxd5 Bxd5 12. Bxd5 exd5 13. Nc3 Bb4 14. Qe2+
Kd8 15. a3 Re8 16. Be3 Bc5 17. Qd2 Bxe3 18. fxe3 d4 19. Nd1 Nc6 20. c3 Kc8 21.
cxd4 Qxd4 22. Qf2 Qf6 23. Qc2 Kb7 24. Rc1 h6 25. Rf1 Qe6 26. Rf2 Rac8 27. Rd2
Red8 28. Re2 Re8 29. Rd2 Red8 30. Re2 Re8 31. Rd2 Red8 32. Re2 Re8 33. Rd2 Red8
34. Re2 Re8 35. Rd2 Red8 {Game drawn by repetition} 1/2-1/2

[Event "Team 45 45 League T78"]
[Site "Internet Chess Club"]
[Date "2018.09.28"]
[Round "2"]
[White "Packerfan"]
[Black "President"]
[Result "1-0"]
[WhiteElo "1681"]
[BlackElo "1556"]
[Opening "Owen defense"]
[ECO "B00"]
[Time "10:01:12"]
[TimeControl "2700+45"]

1. e4 b6 2. d4 Bb7 3. Nc3 e6 4. Nf3 Bb4 5. Bd3 Nf6 6. Qe2 d5 7. e5 Ne4 8. Bd2
Nxd2 9. Nxd2 Nd7 10. a3 Bxc3 11. bxc3 Qe7 12. O-O c5 13. Qg4 g6 14. f4 c4 15.
Be2 O-O-O 16. a4 h5 17. Qg5 Qf8 18. a5 b5 19. a6 Bc6 20. Rfb1 Rg8 21. Rb2 f6 22.
exf6 Qxf6 23. Nf3 Rdf8 24. g3 Kc7 25. Bf1 Qxg5 26. Nxg5 Kd6 27. Bh3 Re8 28. Re1
Nf8 29. Nf7+ Kc7 30. Ng5 Rg7 31. Rbb1 Kd6 32. Re3 Bd7 33. Rbe1 Rge7 34. Kf2 Rb8
35. Bg2 Rb6 36. Re5 Re8 37. Ra1 Bc8 38. Rae1 Rxa6 39. Bxd5 Ra3 40. Be4 Re7 41.
Rxb5 Rxc3 42. Bxg6 Nxg6 43. Ne4+ Kd7 44. Nxc3 h4 45. Ne4 hxg3+ 46. hxg3 Rh7
{Black resigns} 1-0

[Event "Team 45 45 League T78"]
[Site "Internet Chess Club"]
[Date "2018.09.30"]
[Round "2"]
[White "ascoli"]
[Black "Gojira"]
[Result "0-1"]
[WhiteElo "1669"]
[BlackElo "1713"]
[Opening "Sicilian defense"]
[ECO "B30"]
[Time "06:00:48"]
[TimeControl "2700+45"]

1. e4 c5 2. Nf3 Nc6 3. g3 g6 4. Bg2 Bg7 5. O-O d6 6. c3 Nf6 7. Re1 O-O 8. d4
cxd4 9. cxd4 Bg4 10. h3 Bxf3 11. Bxf3 e6 12. Be3 d5 13. e5 Nd7 14. Bg4 Qe7 15.
h4 Qb4 16. Qd2 Ndxe5 17. dxe5 Qxg4 18. Bf4 Qf5 19. f3 Bxe5 20. Bxe5 Nxe5 21. Qe3
Nxf3+ {White resigns} 0-1